 Dungeon Crawl Stone Soup version 0.28-a0-6-g334057b17a (webtiles) character file.

Game seed: 7969126995313377851

194666 PentaManta the Brawler (level 18, -6/166 HPs)
             Began as a Ghoul Gladiator on July 23, 2021.
             Was the Champion of Makhleb.
             Mangled by an angel (20 damage)
             ... on level 1 of the Elven Halls.
             The game lasted 01:44:36 (39662 turns).

PentaManta the Brawler (Ghoul Gladiator)           Turns: 39662, Time: 01:44:37

Health: -6/166     AC: 21    Str: 29    XL:     18   Next: 31%
Magic:  17/17      EV: 12    Int:  8    God:    Makhleb [******]
Gold:   3614       SH: 21    Dex:  9    Spells: 17/17 levels left

rFire   + + .      SeeInvis .     - Unarmed
rCold   + + +      Faith    .   K - +2 kite shield {rC+}
rNeg    + + +      Spirit   .   D - +0 plate armour
rPois   ∞          Reflect  +   b - +1 helmet
rElec   .          Harm     .   O - +0 cloak {rC+}
rCorr   +          Rampage  .   (no gloves)
Will    +....                   S - +0 pair of boots
Stlth   ..........              k - amulet of reflection
HPRegen 0.00/turn               f - ring of the Octopus King {rCorr AC+1 EV+1 Str+1 Int+1 Dex+1}
MPRegen 0.15/turn               G - ring of the Princess {rF++ rC++ Str+6 Dex-2}

@: inhibited regen, glowing
A: claws 1, cold resistance 1, negative energy resistance 3, inhibited
regeneration, torment resistance 2
}: 1/15 runes: decaying
a: Renounce Religion, Minor Destruction, Lesser Servant of Makhleb, Major
Destruction, Greater Servant of Makhleb


You were on level 1 of the Elven Halls.
You worshipped Makhleb.
Makhleb was exalted by your worship.
You visited 8 branches of the dungeon, and saw 33 of its levels.
You visited 1 bazaar.
You also visited: Ice Cave and Volcano.

You collected 4539 gold pieces.
You spent 925 gold pieces at shops.

Inventory:

Hand Weapons
 W - the +3 hand axe "Wighere" {freeze, *Rage Fly rF+ Dex+4}
   (You found it in an ice cave)

   It freezes those it strikes, dealing additional cold damage.
   It can also slow down cold-blooded creatures.
   Dex:       It affects your dexterity (+4).
   rF:        It protects you from fire.
   Fly:       It grants you flight.
   *Rage:     It may make you go berserk in combat.
Missiles
 c - 5 throwing nets
 C - 160 poisoned darts (quivered)
 F - a curare-tipped dart
 Z - 8 atropa-tipped darts
Armour
 b - a +1 helmet (worn)
 d - the +1 pair of gloves of the Leaf {rF+ MP+9 SInv}
   (You found it on level 4 of the Swamp)

   rF:        It protects you from fire.
   MP:        It affects your magic capacity (+9).
   SInv:      It lets you see invisible.
 D - a +0 plate armour (worn)
 K - a +2 kite shield of cold resistance (worn)
 O - a +0 cloak of cold resistance (worn)
 S - a +0 pair of boots (worn)
Jewellery
 f - a ring of the Octopus King (left claw) {rCorr AC+1 EV+1 Str+1 Int+1 Dex+1}
   (You bought it in a shop in a bazaar)

   [ring of resist corrosion]

   AC:        It affects your AC (+1).
   EV:        It affects your evasion (+1).
   Str:       It affects your strength (+1).
   Int:       It affects your intelligence (+1).
   Dex:       It affects your dexterity (+1).
   rCorr:     It protects you from acid and corrosion.
 k - an amulet of reflection (around neck)
 o - an amulet of guardian spirit
 t - a ring of protection from fire
 G - the ring of the Princess (right claw) {rF++ rC++ Str+6 Dex-2}
   (You found it on level 10 of the Dungeon)

   [ring of strength]

   Str:       It affects your strength (+6).
   Dex:       It affects your dexterity (-2).
   rF:        It greatly protects you from fire.
   rC:        It greatly protects you from cold.
 M - an amulet of regeneration
Wands
 p - a wand of iceblast (64)
 w - a wand of flame (150)
 L - a wand of digging (3)
 Q - a wand of acid (10)
Scrolls
 a - a scroll of blinking
 e - 2 scrolls of magic mapping
 g - 8 scrolls of teleportation
 j - 4 scrolls of enchant armour
 l - a scroll of brand weapon
 s - 5 scrolls of enchant weapon
 u - 6 scrolls of fog
 y - 3 scrolls of amnesia
 E - 10 scrolls of identify
Potions
 h - 7 potions of attraction
 m - 12 potions of curing
 r - a potion of invisibility
 v - a potion of heal wounds
 x - 9 potions of cancellation
 z - 4 potions of brilliance
 A - 4 potions of ambrosia
 B - 2 potions of might
 H - a potion of resistance
 I - 7 potions of haste
 U - 4 potions of magic
Miscellaneous
 i - a box of beasts
 V - a tin of tremorstones (2/2)


   Skills:
 + Level 16.1 Fighting
 - Level 1.7 Throwing
 - Level 11.0 Armour
 - Level 11.0 Dodging
 - Level 15.0 Shields
 + Level 18.2 Unarmed Combat


You had 17 spell levels left.
You didn't know any spells.
Your spell library contained the following spells:

 Spells                   Type           Power      Damage    Failure   Level
 Animate Skeleton         Necr           0%         N/A       97%         1
 Apportation              Tloc           0%         N/A       97%         1
 Corona                   Hex            0%         N/A       97%         1
 Freeze                   Ice            0%         1d3       97%         1
 Shock                    Conj/Air       0%         1d3       97%         1
 Summon Small Mammal      Summ           0%         N/A       97%         1
 Blink                    Tloc           N/A        N/A       99%         2
 Static Discharge         Conj/Air       0%         N/A       99%         2
 Call Canine Familiar     Summ           0%         N/A       100%        3
 Frozen Ramparts          Ice            0%         1d2       100%        3
 Lesser Beckoning         Tloc           0%         N/A       100%        3
 Summon Guardian Golem    Hex/Summ       0%         N/A       100%        3
 Swiftness                Air            0%         N/A       100%        3
 Airstrike                Air            0%         N/A       100%        4
 Animate Dead             Necr           0%         N/A       100%        4
 Cause Fear               Hex            0%         N/A       100%        4
 Dispel Undead            Necr           0%         3d6       100%        4
 Hailstorm                Conj/Ice       0%         3d3       100%        4
 Petrify                  Tmut/Erth      0%         N/A       100%        4
 Sticky Flame             Conj/Fire      0%         2d3       100%        4
 Summon Ice Beast         Ice/Summ       0%         N/A       100%        4
 Alistair's Intoxication  Tmut/Pois      0%         N/A       100%        5
 Borgnjor's Vile Clutch   Necr/Erth      0%         N/A       100%        5
 Iskenderun's Battlesphe  Conj           0%         2d6       100%        5
 Manifold Assault         Tloc           0%         N/A       100%        5
 Metabolic Englaciation   Hex/Ice        0%         N/A       100%        5
 Summon Mana Viper        Hex/Summ       0%         N/A       100%        5
 Death Channel            Necr           0%         N/A       100%        6
 Eringya's Noxious Bog    Tmut/Pois      0%         N/A       100%        6
 Iron Shot                Conj/Erth      0%         9d1       100%        6
 Monstrous Menagerie      Summ           0%         N/A       100%        7
 Spellforged Servitor     Conj/Summ      0%         N/A       100%        7
 Dragon's Call            Summ           0%         N/A       100%        9
 Statue Form              Tmut/Erth      Unusable   N/A       N/A         6
 Dragon Form              Tmut           Unusable   N/A       N/A         7

Dungeon Overview and Level Annotations

Branches:
Dungeon (15/15)            Temple (1/1) D:5            Lair (6/6) D:10
  Swamp (4/4) Lair:4        Snake (3/4) Lair:3        Slime (0/5) Lair:6
    Orc (2/2) D:12            Elf (1/3) Orc:2        Vaults (0/5) D:13
 Depths (1/5) D:15          IceCv (visited)         Volcano (visited)

Altars:
Ashenzari
Cheibriados
Dithmenos
Elyvilon
Fedhas
Gozag
Hepliaklqana
Kikubaaqudgha
Makhleb
Nemelex Xobeh
Okawaru
Qazlal
Ru
Sif Muna
Trog
Uskayaw
Vehumet
Wu Jian
Xom
Yredelemnul
Zin
The Shining One
Beogh

Shops:
D:4 [**   D:6 !   Orc:2 [(:![   Snake:1 ((

Portals:
Trove: D:12 (give +2 ice dragon scales)
Desolation: Elf:1


Innate Abilities, Weirdness & Mutations

You thrive by killing the living.
You are immune to poison.
You have sharp fingernails.
Your flesh is cold resistant. (rC+)
You are immune to negative energy. (rN+++)
You do not regenerate when monsters are visible.
You are immune to unholy pain and torment.


Message History

The angel is severely wounded.
The angel hits you with a +3 whip of holy wrath!
You convulse!
The angel hits you with a +3 whip of holy wrath!
You convulse!
You block the angel's attack. The angel barely misses you.
You claw the angel!
The angel is severely wounded.
The angel misses you.
The angel hits you with a +3 whip of holy wrath.
You convulse.
The angel gestures.
The angel is healed somewhat.
You scratch the angel but do no damage.
The angel is severely wounded.
You block the angel's attack. x2; The angel hits you but does no damage. x2
You miss the angel.
The angel is severely wounded.
You block the angel's attack.
The angel hits you with a +3 whip of holy wrath!
You convulse.
You miss the angel.
The angel is severely wounded.
The angel gestures.
The angel is healed somewhat.
The angel hits you with a +3 whip of holy wrath!
You convulse!
* * * LOW HITPOINT WARNING * * *
The angel closely misses you. The angel hits you but does no damage.
You block the angel's attack.
A demon appears!
You block the angel's attack.
The angel hits you with a +3 whip of holy wrath.
* * * LOW HITPOINT WARNING * * *
You convulse.
* * * LOW HITPOINT WARNING * * *
You block the angel's attack. x2
You block the angel's attack. The angel hits you but does no damage.
The angel hits you with a +3 whip of holy wrath!
* * * LOW HITPOINT WARNING * * *
You convulse!!
You die...

##### **,,,, ##...## *,,,,, ***
#./...# *,,,,, **,** #.....#
*,,,,, **,,,** #.....#####*,,,,,
*,,,,,* ##3.........,,,,,,
**..,** ##..##'''##$.**,,,,
**+#.#* ##.AA#,....#,,******
***,**###* ##..@.#,A..)#,,,,**
**+** #..####..####.#.#.#***,,**
,,**###....#'#.#..........,*,,,**
,,+,..'.P....#.#A#....../#?*,,,+,
,,****#.P.P....#.....∩..,.,*,,,**
+** #......#.#.#....,,,*,*,,**
*,** #....###.#.)..___,,,,*,*+**
**,***####'# #.####.$.,,****,,,,*
**,,,,,,#.# #..,.#,#.*,*,,,,,**,


You could see 2 angels and a friendly ynoxinul (summoned).

Vanquished Creatures
  A tentacled monstrosity (Swamp:2)
  2 thorn hunters
  2 azure jellies (IceCv)
  A fenstrider witch (Swamp:3)
  Roxanne (D:14)
  2 deep elf sorcerers (Elf:1)
  3 quicksilver oozes (IceCv)
  A bunyip (Swamp:2)
  An ettin (D:12)
  2 eleionomae
  Snorg (Orc:2)
  3 fire dragons
  21 hydras
  Fannar (Lair:2)
  Harold (D:8)
  2 naga warriors (Snake:1)
  A vault guard (D:12)
  Erolcha (D:9)
  7 boulder beetles
  3 ogre magi
  2 ghost crabs
  Erica (D:9)
  An anaconda (Snake:1)
  The ghost of Tessuop the Grappler, a journeyman VSFi of Cheibriados (Lair:4)
  A catoblepas (D:14)
  10 centaur warriors
  3 dancing weapons
  10 two-headed ogres
  11 alligators
  A death knight (D:10)
  8 death yaks
  A shock serpent (Snake:1)
  2 tengu warriors (D:14)
  Urug (Lair:4)
  An orc high priest (Elf:1)
  Nergalle (Orc:2)
  A skeletal warrior (D:12)
  A deep elf knight (Elf:1)
  A fire crab (Lair:4)
  4 sun demons (Volcano)
  6 goliath frogs
  5 spriggan druids
  A phantasmal warrior (D:11)
  10 swamp dragons
  A wizard (D:15)
  Pikel (D:6)
  2 deep elf archers (Elf:1)
  4 lindwurms
  3 orc knights
  2 bog bodies
  A necromancer (D:15)
  A wolf spider zombie (D:15)
  3 deep elf pyromancers (Elf:1)
  10 ugly things
  4 deep elf zephyrmancers
  11 orc sorcerers
  A mana viper (Snake:1)
  4 cyclopes
  11 will-o-the-wisps
  A wolf spider (Lair:6)
  2 manticores (D:12)
  15 elephants
  12 black mambas
  3 guardian serpents
  A salamander (Snake:1)
  2 smoke demons (Volcano)
  Maurice (D:8)
  3 naga magi
  An ice statue (IceCv)
  A gargoyle (D:12)
  Maggie (D:9)
  4 rime drakes (Lair:6)
  17 cane toads
  2 unseen horrors (D:12)
  8 komodo dragons
  An entropy weaver simulacrum (IceCv)
  4 freezing wraiths
  8 hornets
  8 tyrant leeches
  2 trolls
  13 slime creatures
  3 polar bears
  6 blink frogs
  11 dream sheep
  Grinder (D:4)
  A centaur simulacrum (D:15)
  Sigmund (D:2)
  A redback (Lair:6)
  4 spriggans
  55 yaks
  2 wraiths
  8 wyverns
  A fire elemental (Elf:1)
  4 steam dragons
  9 basilisks
  10 vampire mosquitoes
  A death yak simulacrum (Lair:2)
  12 swamp worms
  3 wargs
  4 demonic crawler simulacra (IceCv)
  30 water moccasins
  10 nagas (Snake:1)
  6 acid dragons
  3 hell hounds (Volcano)
  2 ice beasts
  9 swamp drakes
  4 black bears
  23 orc warriors
  4 sky beasts
  9 ogres
  23 centaurs
  2 ugly thing simulacra (IceCv)
  10 wolves
  2 lemures (D:6)
  3 phantoms (D:5)
  A kobold brigand (D:8)
  5 bullfrogs
  5 scorpions
  4 glowing shapeshifter simulacra (IceCv)
  2 water moccasin skeletons (D:5)
  3 elephant simulacra (Lair:2)
  3 killer bees (D:9)
  2 electric eels (Lair:5)
  3 centaur zombies
  5 centaur skeletons
  8 orc priests
  15 jellies
  Crazy Yiuf (D:3)
  3 hounds
  A gnoll shaman (D:5)
  6 iguanas
  33 orc wizards
  A polar bear simulacrum (Lair:2)
  Ijyb (D:4)
  4 howler monkey zombies
  8 gnolls
  10 adders
  4 white imps
  2 worms (D:2)
  55 orcs
  5 endoplasms
  2 giant cockroaches
  9 goblins
  5 hobgoblins
  5 jackals
  7 kobolds
  A quokka (D:3)
  4 ball pythons
  4 bats
  8 frilled lizards
  5 rats
  A spectral goblin (D:8)
828 creatures vanquished.

Vanquished Creatures (others)
  A deep elf knight (Elf:1)
  A goliath frog (Swamp:1)
  A swamp dragon (Swamp:4)
  A naga mage (Snake:1)
  3 bloated husks
  An air elemental (Elf:1)
  4 swamp drakes
  60 foxfires
  32 fungi
  76 plants
  2 withered plants (Lair:4)
182 creatures vanquished.

Grand Total: 1010 creatures vanquished

Notes
Turn   | Place    | Note
-------+----------+-------------------------------------------
     0 | D:1      | PentaManta the Ghoul Gladiator began the quest for the Orb.
     0 | D:1      | Reached XP level 1. HP: 17/17 MP: 0/0
   171 | D:1      | Reached XP level 2. HP: 23/25 MP: 1/1
   752 | D:1      | Reached skill level 4 in Unarmed Combat
  1058 | D:2      | Reached XP level 3. HP: 30/30 MP: 2/2
  1109 | D:2      | Noticed Sigmund
  1122 | D:2      | Killed Sigmund
  1123 | D:2      | Reached skill level 5 in Unarmed Combat
  1123 | D:2      | Reached XP level 4. HP: 38/40 MP: 3/3
  1123 | D:2      | Reached XP level 5. HP: 44/46 MP: 4/4
  1462 | D:2      | Reached skill level 6 in Unarmed Combat
  1932 | D:3      | Reached XP level 6. HP: 52/52 MP: 5/5
  2099 | D:3      | Found a bloodstained altar of Trog.
  2370 | D:3      | Found a runed translucent door.
  2371 | D:3      | Noticed Crazy Yiuf
  2414 | D:3      | Killed Crazy Yiuf
  2611 | D:4      | Noticed Ijyb
  2617 | D:4      | Killed Ijyb
  2620 | D:4      | Noticed Grinder
  2647 | D:4      | Killed Grinder
  2648 | D:4      | Reached skill level 5 in Fighting
  2648 | D:4      | Reached skill level 7 in Unarmed Combat
  2648 | D:4      | Reached XP level 7. HP: 40/61 MP: 6/6
  2837 | D:4      | Found Fysmoeff's Assorted Antiques.
  2951 | D:4      | Found a sacrificial altar of Ru.
  3069 | D:4      | Found Zeli's General Store.
  3076 | D:4      | Bought a potion of curing for 36 gold pieces
  3076 | D:4      | Bought a potion of heal wounds for 60 gold pieces
  3076 | D:4      | Identified a scroll of acquirement
  3076 | D:4      | Acquired 999 gold pieces
  3080 | D:4      | Bought a scroll of identify for 24 gold pieces
  3080 | D:4      | Bought a scroll of teleportation for 36 gold pieces
  3129 | D:4      | Bought a scroll labelled VUBUAMPUTYRA for 25 gold pieces
  3129 | D:4      | Bought a green potion for 22 gold pieces
  3129 | D:4      | Bought a scroll of teleportation for 75 gold pieces
  3129 | D:4      | Bought an amethyst potion for 22 gold pieces
  3193 | D:4      | Found a stormy altar of Qazlal.
  3315 | D:4      | Found Potin's Antique Armour Boutique.
  3421 | D:5      | Entered Level 5 of the Dungeon
  3432 | D:5      | Reached skill level 8 in Unarmed Combat
  3534 | D:5      | Reached XP level 8. HP: 62/70 MP: 7/7
  3583 | D:5      | Found a staircase to the Ecumenical Temple.
  3602 | D:5      | Reached skill level 9 in Unarmed Combat
  3616 | Temple   | Entered the Ecumenical Temple
  4322 | D:6      | Reached skill level 10 in Unarmed Combat
  4325 | D:6      | Found Udeuticw's Distillery.
  4344 | D:6      | Reached XP level 9. HP: 65/79 MP: 8/8
  4435 | D:6      | Noticed Pikel
  4479 | D:6      | Killed Pikel
  4480 | D:6      | Reached skill level 11 in Unarmed Combat
  5088 | D:6      | Noticed a troll
  5103 | D:6      | Killed a troll
  5311 | D:6      | Found a burning altar of Makhleb.
  5319 | D:6      | Became a worshipper of Makhleb the Destroyer
  5572 | D:7      | Reached skill level 12 in Unarmed Combat
  5878 | D:7      | Found a sparkling altar of Nemelex Xobeh.
  5884 | D:7      | Reached XP level 10. HP: 91/91 MP: 9/9
  6108 | D:7      | Noticed a two-headed ogre
  6119 | D:7      | Killed a two-headed ogre
  6501 | D:8      | Reached skill level 13 in Unarmed Combat
  6515 | D:8      | Found a blossoming altar of Fedhas.
  6988 | D:8      | Noticed Harold
  7000 | D:8      | Killed Harold
  7261 | D:8      | Reached skill level 10 in Fighting
  7270 | D:8      | Noticed Maurice
  7279 | D:8      | Killed Maurice
  7342 | D:8      | Found a hazy altar of Hepliaklqana.
  7716 | D:10     | Entered Level 10 of the Dungeon
  7860 | D:10     | Reached skill level 1 in Armour
  8018 | D:9      | Reached XP level 11. HP: 98/99 MP: 10/10
  8020 | D:9      | Reached * piety under Makhleb
  8262 | D:9      | Noticed Maggie
  8278 | D:9      | Killed Maggie
  8476 | D:9      | Noticed Erica
  8492 | D:9      | Killed Erica
  8493 | D:9      | Reached skill level 5 in Dodging
  8637 | D:9      | Noticed Erolcha
  8654 | D:9      | Killed Erolcha
  9206 | D:10     | Reached skill level 5 in Armour
  9418 | D:10     | Noticed a boulder beetle
  9427 | D:10     | Identified the +1 dagger of Earthquakes {protect, Int+2
                  | Stlth+}
  9447 | D:10     | Killed a boulder beetle
  9465 | D:10     | Identified the ring of the Princess {rF++ rC++ Str+6 Dex-2}
  9807 | D:10     | Reached ** piety under Makhleb
  9831 | D:10     | Found a staircase to the Lair.
  9933 | D:10     | Noticed a two-headed ogre
  9941 | D:10     | Killed a two-headed ogre
 10639 | D:11     | Noticed a centaur warrior
 10940 | D:11     | Noticed a two-headed ogre
 11076 | D:12     | Killed a centaur warrior
 11077 | D:12     | Reached XP level 12. HP: 74/106 MP: 11/11
 11209 | D:12     | Killed a two-headed ogre
 11327 | D:11     | Noticed a boulder beetle
 11352 | D:11     | Killed a boulder beetle
 11611 | D:11     | Reached skill level 14 in Unarmed Combat
 11633 | D:11     | Noticed a death knight
 11655 | D:10     | Killed a death knight
 11837 | D:11     | Noticed a boulder beetle
 11850 | D:11     | Killed a boulder beetle
 12027 | D:11     | Noticed a two-headed ogre
 12041 | D:11     | Killed a two-headed ogre
 12347 | D:12     | Noticed a two-headed ogre
 12354 | D:12     | Killed a two-headed ogre
 12516 | D:12     | Reached skill level 15 in Unarmed Combat
 12713 | D:12     | Noticed a boulder beetle
 12723 | D:12     | Killed a boulder beetle
 12880 | D:12     | Reached XP level 13. HP: 116/116 MP: 12/12
 12935 | D:12     | Found a staircase to the Orcish Mines.
 13215 | D:12     | Noticed a vault guard
 13228 | D:12     | Killed a vault guard
 13228 | D:12     | Reached *** piety under Makhleb
 13349 | D:12     | Found a portal to a secret trove of treasure.
 13730 | Orc:1    | Entered Level 1 of the Orcish Mines
 13734 | Orc:1    | Noticed an ettin
 13807 | Lair:1   | Entered Level 1 of the Lair of Beasts
 13809 | Lair:1   | Acquired 632 gold pieces
 13858 | Lair:1   | Found a dark tunnel.
 13866 | Volcano  | Entered a volcano
 14196 | Volcano  | Reached skill level 16 in Unarmed Combat
 14421 | Volcano  | Noticed a fire dragon
 14432 | Volcano  | Killed a fire dragon
 15254 | Lair:2   | Reached **** piety under Makhleb
 15320 | Lair:2   | Noticed Fannar
 15331 | Lair:2   | Killed Fannar
 15413 | Lair:2   | Found a frozen archway.
 15447 | IceCv    | Entered an ice cave
 15457 | IceCv    | Noticed a quicksilver ooze
 15466 | IceCv    | Killed a quicksilver ooze
 15711 | IceCv    | Reached ***** piety under Makhleb
 15997 | IceCv    | Reached XP level 14. HP: 124/129 MP: 13/13
 16130 | IceCv    | Noticed a quicksilver ooze
 16138 | IceCv    | Killed a quicksilver ooze
 16314 | IceCv    | Noticed a quicksilver ooze
 16325 | IceCv    | Killed a quicksilver ooze
 16422 | IceCv    | Found a viscous altar of Jiyva.
 16422 | IceCv    | Noticed an azure jelly
 16432 | IceCv    | Killed an azure jelly
 16434 | IceCv    | Noticed an azure jelly
 16447 | IceCv    | Killed an azure jelly
 16680 | IceCv    | Got the ring of Ozakkerph {Ice Drain Str+3 Int+2 Dex+4}
 16689 | IceCv    | Got the +3 hand axe "Wighere" {freeze, *Rage Fly rF+ Dex+4}
 17123 | Lair:2   | Acquired the +2 hat "Vairgh" {rF+ rCorr}
 17626 | Lair:3   | Found a staircase to the Snake Pit.
 18438 | Lair:4   | Found a staircase to the Swamp.
 18458 | Swamp:1  | Entered Level 1 of the Swamp
 18485 | Lair:4   | Reached skill level 5 in Shields
 19021 | Lair:4   | Found a runed translucent door.
 19021 | Lair:4   | Noticed Tessuop's ghost (journeyman VSFi)
 19060 | Lair:4   | Noticed Urug
 19069 | Lair:4   | Killed Urug
 19454 | Lair:4   | Killed Tessuop's ghost
 20559 | Lair:5   | Reached XP level 15. HP: 139/139 MP: 14/14
 20936 | Lair:6   | Entered Level 6 of the Lair of Beasts
 20982 | Lair:6   | Found a staircase to the Slime Pits.
 21045 | Lair:6   | Reached ****** piety under Makhleb
 21198 | Lair:6   | Reached skill level 10 in Shields
 21657 | Lair:6   | Identified the +10 falchion of Valiance {chaos, Fly Int+4}
 22410 | Lair:6   | Identified the +1 trident "Liqotien" {flame, Fly Dex+7}
 23461 | D:12     | HP: 5/139 [ettin (24)]
 24293 | Snake:1  | Entered Level 1 of the Snake Pit
 24900 | Snake:1  | Found Tilej's Weapon Boutique.
 24904 | Snake:1  | Reached XP level 16. HP: 147/147 MP: 15/15
 25353 | Snake:1  | Found Baatzuf's Weapon Boutique.
 26046 | Swamp:1  | HP: 6/147 [eight-headed hydra (8)]
 26094 | Swamp:1  | HP: 4/147 [bog body/bolt of cold (5)]
 27141 | D:13     | You fall into a shaft and drop 2 floors!
 27141 | D:15     | Entered Level 15 of the Dungeon
 27182 | D:15     | Paralysed by something for 4 turns
 27884 | D:15     | Found a gateway to a bazaar.
 28649 | D:13     | Found a gate to the Vaults.
 29105 | D:14     | Noticed Roxanne
 29805 | D:14     | Reached skill level 15 in Shields
 30157 | D:14     | Killed Roxanne
 30158 | D:14     | Reached skill level 10 in Dodging
 30645 | D:15     | Paralysed by something for 5 turns
 30819 | D:15     | Found a staircase to the Depths.
 30845 | Depths:1 | Entered Level 1 of the Depths
 31047 | Bazaar   | Entered a bazaar
 31075 | Bazaar   | Found Kedantoh's Jewellery Shop.
 31075 | Bazaar   | Found Ykokhlate's Jewellery Boutique.
 31133 | Bazaar   | Found Ulir's Weapon Shop.
 31133 | Bazaar   | Found Plog's Antique Weapon Boutique.
 31199 | Bazaar   | Bought a ring of the Octopus King {rCorr AC+1 EV+1 Str+1
                  | Int+1 Dex+1} for 625 gold pieces
 31199 | Bazaar   | Found the ring of the Octopus King {rCorr AC+1 EV+1 Str+1
                  | Int+1 Dex+1}
 32250 | Swamp:2  | Noticed a tentacled monstrosity
 32289 | Swamp:2  | Killed a tentacled monstrosity
 32290 | Swamp:2  | Reached skill level 10 in Armour
 32290 | Swamp:2  | Reached XP level 17. HP: 47/154 MP: 16/16
 32708 | Swamp:2  | HP: 5/154 [will-o-the-wisp/foxfire (20)]
 34290 | Swamp:4  | Entered Level 4 of the Swamp
 36139 | Swamp:4  | Reached skill level 17 in Unarmed Combat
 36150 | Swamp:4  | Reached skill level 15 in Fighting
 36218 | Swamp:4  | Identified the +1 pair of gloves of the Leaf {rF+ MP+9
                  | SInv}
 36867 | Swamp:4  | Got a decaying rune of Zot
 37035 | Swamp:4  | Identified the +1 leather armour of Wu Jian's Supremacy
                  | {rC+ Str+2}
 37859 | Orc:2    | Entered Level 2 of the Orcish Mines
 37877 | Orc:2    | Reached XP level 18. HP: 163/163 MP: 17/17
 37973 | Orc:2    | Noticed Snorg
 37981 | Orc:2    | Killed Snorg
 38040 | Orc:2    | Found a staircase to the Elven Halls.
 38136 | Orc:2    | Found Xamipist's Antique Armour Emporium.
 38570 | Orc:2    | Found Irihoiw's Antique Weapon Shoppe.
 38614 | Orc:2    | Found an ancient bone altar of Kikubaaqudgha.
 38618 | Orc:2    | Noticed Nergalle
 38625 | Orc:2    | Paralysed by an orc sorcerer for 2 turns
 38635 | Orc:2    | Killed Nergalle
 38638 | Orc:2    | Found Puqel's Distillery.
 38659 | Orc:2    | Found a radiant altar of Vehumet.
 38704 | Orc:2    | Found Femo's Antique Armour Emporium.
 38715 | Orc:2    | Paralysed by an orc sorcerer for 2 turns
 38738 | Orc:2    | Found Dytal's Book Emporium.
 38752 | Orc:2    | Reached skill level 18 in Unarmed Combat
 38933 | Elf:1    | Entered Level 1 of the Elven Halls
 39630 | Elf:1    | Found a crumbling gateway.
 39662 | Elf:1    | Mangled by an angel

Illustrated notes

Levels and vault maps discovered:
D:1:      dpeg_arrival_windows_large_door, layout_basic
D:2:      layout_loops_corners, uniq_sigmund
D:3:      layout_rooms, lemuel_doored_altar, uniq_crazy_yiuf_cottage
D:4:      layout_basic, mainiacjoe_overflow_alcove_4, kennysheep_little_box,
          serial_shops, nicolae_shop_window_shopping, nicolae_square_shop, shop,
          uniq_ijyb, uniq_grinder
D:5:      layout_loops_cross, minmay_temple_entry_junction
D:6:      layout_cave_pods, makhleb_blood_cavern_becter, serial_shops,
          nicolae_shop_behind_doors, uniq_pikel
D:7:      layout_basic, nemelex_dance_club_becter
D:8:      layout_loops_cross, fedhas_ov_isle_minmay,
          nicolae_hepliaklqana_monster_ancestors, uniq_maurice, uniq_harold
D:9:      layout_irregular_city, uniq_erica, uniq_erolcha, uniq_maggie
D:10:     layout_roguey, dpeg_oklobed_lair, minmay_radiant
D:11:     layout_small_grid, hellmonk_bongcloud_opening
D:12:     layout_basic, orc_0_dummy, enter_trove_5, special_room
          [special_room_orc], grunt_decor_one_mirror, lightli_corner_chamber
D:13:     layout_cave_pods, erik_vaults_1, serial_glass, glass_columns_a,
          glass_columns_a
D:14:     layout_cave_pools, patterned_corridor, uniq_roxanne
D:15:     grunt_enter_depths_magical_seal, layout_gridville,
          hangedman_decor_peaks_small, serial_shops, bzr_entry_water,
          minmay_microvault
Temple:   regret_index_temple_waves
Lair:1:   layout_hall_layers, enter_volcano_2, pond
Lair:2:   layout_chaotic_city, portal_ice_cave_entry_ice_simulacra,
          nzn_sisyphean_effort, grunt_megastairs_4, uniq_fannar
Lair:3:   layout_regular_city, minmay_snake_entry_spellcaster
Lair:4:   layout_misc_corridors, minmay_swamp_entry_reptiles,
          gammafunk_ghost_grave, uniq_urug
Lair:5:   beast_lair_carwin_large_1, layout_regular_city, serial_bayou_shore_a
Lair:6:   hangedman_lair_tendril_chambers, layout_cave_pods,
          guppyfry_lair_end_dragon, minmay_slime_entry_jelly_boxes
Swamp:1:  layout_falls_marsh, evilmike_swamp_ruin_house_5, swamp_pool1
Swamp:2:  layout_basic_swamp, hangedman_swamp_ruin_hall,
          infiniplex_staircase_pool
Swamp:3:  layout_basic_swamp, evilmike_swamp_ruin_rubble_2, swamp_pool1,
          cheibrodos_swamp_witchery
Swamp:4:  swamp_alternative, layout_basic_swamp, hangedman_swamp_cone
Snake:1:  layout_misc_corridors, minmay_shop_star
Snake:2:  layout_layer_cave, serial_bayou_shore_b, lemuel_fruit_tree
Snake:3:  layout_layer_cave, gammafunk_ghost_arena, grunt_megastairs_1
Orc:1:    layout_caves
Orc:2:    kennysheep_orc_mage_school, layout_caves, serial_shops, shop,
          guppyfry_library_mini, uniq_snorg
Elf:1:    layout_geoelf_octagon, portal_desolation_entry_holy_temple,
          serial_shops, nicolae_shop_waterfront, special_room
          [special_room_orc], minivault_28
Depths:1: layout_cave_shapes, pf_hell_entry_great_geh, serial_shops,
          nicolae_shop_waterfront, kennysheep_boxes, kiku_gazebo_garden_becter,
          serial_bayou_shore_b, serial_bayou_shore_b, grunt_megastairs_5,
          firewood_loft

Skill      XL: |  1  2  3  4  5  6  7  8  9 10 11 12 13 14 15 16 17 18 |
---------------+-------------------------------------------------------+-----
Unarmed Combat | 4 5 6 7 8 10 12 13 15 16 17 18 | 18.2
Fighting       | 4 5 7 9 10 11 13 14 15 16 | 16.1
Shields        | 3 4 8 13 15 | 15.0
Armour         | 1 6 7 8 10 11 | 11.0
Dodging        | 3 7 8 9 10 11 | 11.0
Throwing       | |  1.7

Action                   |  1- 3 |  4- 6 |  7- 9 | 10-12 | 13-15 | 16-18 || total
-------------------------+-------+-------+-------+-------+-------+-------++-------
Melee: Unarmed           |    53 |   134 |   249 |   519 |  1392 |  1367 ||  3714
       Punch             |       |     2 |    17 |     6 |       |       ||    25
       Dagger            |       |       |       |       |       |    12 ||    12
Throw: Throwing net      |     2 |       |       |       |       |       ||     2
       Dart              |       |       |       |    25 |       |     6 ||    31
Invok: Lesser Servant of |       |       |       |       |       |     1 ||     1
Evoke: Wand              |       |       |       |       |     2 |       ||     2
  Use: Scroll            |       |     5 |     5 |     8 |    12 |    13 ||    43
       Potion            |       |       |       |     2 |     2 |     8 ||    12
 Stab: Held in net/web   |     2 |       |       |       |       |       ||     2
       Invisible         |       |       |       |       |       |     4 ||     4
Armor: Leather armour    |     4 |       |       |       |       |       ||     4
       Scale mail        |       |    42 |       |       |       |       ||    42
       Ring mail         |       |     8 |    83 |   165 |   454 |   348 ||  1058
       Plate armour      |       |       |       |       |       |    80 ||    80
Dodge: Dodged            |    25 |    67 |    91 |   254 |   644 |   419 ||  1500
Block: Other             |       |     2 |    53 |    16 |       |       ||    71
       Buckler           |       |       |       |   232 |   590 |       ||   822
       Reflection        |       |       |       |    21 |    20 |    74 ||   115
       Kite shield       |       |       |       |       |   133 |  1299 ||  1432

Table legend: (Time is in decaauts)
 A = Elapsed time spent in this place.
 B = Non-inter-level travel time spent in this place.
 C = Inter-level travel time spent in this place.
 D = Time resting spent in this place.
 E = Time spent auto-exploring this place.
 F = Levels seen in this place.
 G = Mean time per level.
                   A        B        C        D        E       F      G
               +--------+--------+--------+--------+--------+-----+--------+
         Total |  39093 |  37185 |   1908 |  11142 |  17949 |  36 | 1085.9 |
       Dungeon |  18736 |  17759 |    977 |   3689 |  10647 |  15 | 1249.1 |
        Temple |    110 |    107 |      3 |      0 |    105 |   1 |  110.0 |
          Lair |   8274 |   7560 |    714 |   1971 |   4063 |   6 | 1379.0 |
         Swamp |   6629 |   6497 |    132 |   3292 |   1812 |   4 | 1657.2 |
     Snake Pit |   1154 |   1126 |     28 |    473 |    237 |   3 |  384.7 |
  Orcish Mines |   1647 |   1595 |     52 |    303 |    833 |   2 |  823.5 |
   Elven Halls |    421 |    421 |      0 |    213 |      0 |   1 |  421.0 |
        Depths |      1 |      1 |      0 |      0 |      0 |   1 |    1.0 |
        Bazaar |    177 |    177 |      0 |      0 |     87 |   1 |  177.0 |
      Ice Cave |   1296 |   1296 |      0 |    950 |      5 |   1 | 1296.0 |
       Volcano |    643 |    643 |      0 |    249 |    160 |   1 |  643.0 |
               +--------+--------+--------+--------+--------+-----+--------+

Top non-repeatable levels by time:
 Swamp:3: 2263 daAuts
    D:12: 2204 daAuts
  Lair:4: 1995 daAuts
  Lair:6: 1888 daAuts
    D:11: 1753 daAuts
    D:10: 1749 daAuts
 Swamp:2: 1563 daAuts
    D:13: 1536 daAuts
 Swamp:4: 1500 daAuts
    D:15: 1460 daAuts
     D:9: 1357 daAuts
  Lair:5: 1337 daAuts
 Swamp:1: 1300 daAuts
   IceCv: 1296 daAuts
   Orc:2: 1250 daAuts
